 Dungeon Crawl Stone Soup version 0.30-a0-883-g5ad918d77d (webtiles) character file.

Game seed: 9710134101941723127

874 Dittersdorf the Shield-Bearer (level 8, 0/62 HPs)
             Began as a Human Fighter on Mar 17, 2023.
             Slain by a gnoll
             ... wielding a +0 flail
             ... led by a gnoll sergeant
              (2 damage)
             ... on level 4 of the Dungeon.
             The game lasted 00:07:43 (4151 turns).

Dittersdorf the Shield-Bearer (Human Fighter)       Turns: 4151, Time: 00:07:44

Health: 0/62       AC: 10    Str: 19    XL:     8   Next: 24%
Magic:  8/8        EV:  8    Int:  8    God:
Gold:   233        SH:  9    Dex: 13    Spells: 7/7 levels left

rFire   . . .      SeeInvis .    a - +0 long sword (drain)
rCold   . . .      Faith    .    b - +0 kite shield
rNeg    . . .      Spirit   .    l - +2 ring mail {rPois}
rPois   +          Reflect  .    (no helmet)
rElec   .          Rampage  .    e - +0 cloak
rCorr   .                        f - +0 pair of gloves
Will    .....                    (no boots)
Stlth   +                        (no amulet)
HPRegen 0.30/turn                (no ring)
MPRegen 0.11/turn                (no ring)

@: no status effects
A: no striking features
a: no special abilities


You were on level 4 of the Dungeon.
You visited 1 branch of the dungeon, and saw 5 of its levels.
You also visited: Sewer.

You collected 233 gold pieces.

Inventory:

Hand Weapons
 a - a +0 long sword of draining (weapon)
Armour
 b - a +0 kite shield (worn)
 e - a +0 cloak (worn)
 f - a +0 pair of gloves (worn)
 l - a +2 ring mail of poison resistance (worn)
 o - a +0 plate armour
Wands
 q - a wand of flame (19)
Scrolls
 c - 2 scrolls of teleportation {unknown}
 h - a scroll of enchant weapon {unknown}
 j - 2 scrolls of blinking {unknown}
 m - a scroll of brand weapon
 r - a scroll of amnesia {unknown}
 t - 2 scrolls of noise {unknown}
Potions
 d - 2 potions of might
 g - 3 potions of flight
 i - 4 potions of resistance
 k - 3 potions of curing
 n - a potion of lignification
 p - a potion of magic
 u - a potion of mutation


   Skills:
 + Level 5.2 Fighting
 + Level 4.7 Long Blades
 + Level 5.3 Armour
 + Level 5.3 Shields


You had 7 spell levels left.
You didn't know any spells.
Your spell library contained the following spells:

 Spells                   Type           Power      Damage    Failure   Level
 Scorch                   Fire           0%         2d5       97%         2
 Flame Wave               Conj/Fire      0%         2d4       100%        4
 Summon Cactus Giant      Summ           0%         N/A       100%        6


Dungeon Overview and Level Annotations

Branches:
Dungeon (5/15)              Sewer (visited)
 Temple: D:4-7

Altars:
Elyvilon
Vehumet

Shops:
D:2 :   D:5 [

Annotations:
D:4 1 runed translucent door, pokedragonboy's ghost, novice NaWr


Message History

You are too injured to fight recklessly!
You are too injured to fight recklessly!
You are too injured to fight recklessly!
You are too injured to fight recklessly!
You are too injured to fight recklessly!
You are too injured to fight recklessly!
You are too injured to fight recklessly!
You are too injured to fight recklessly!
You are too injured to fight recklessly!
You are too injured to fight recklessly!
You feel sick.
You are no longer poisoned.
You block the gnoll's attack. The gnoll barely misses you. x2
You block the water moccasin's attack.
The water moccasin attacks as you move away!
The water moccasin barely misses you.
You hit the gnoll. You drain the gnoll.
The gnoll is severely wounded.
You block the water moccasin's attack.
The gnoll hits you but does no damage. x2
The water moccasin bites you but does no damage.
You block the gnoll's attack. The gnoll hits you with a +0 club.
* * * LOW HITPOINT WARNING * * *
You block the gnoll's attack.
You barely miss the gnoll.
The gnoll is severely wounded.
The water moccasin bites you.
* * * LOW HITPOINT WARNING * * *
The water moccasin barely misses you. You block the gnoll's attack.
The gnoll hits you with a +0 flail!
* * * LOW HITPOINT WARNING * * *
The gnoll hits you with a +0 club.
* * * LOW HITPOINT WARNING * * *
You hit the gnoll.
You kill the gnoll!
You block the water moccasin's attack. The gnoll hits you with a +0 whip.
* * * LOW HITPOINT WARNING * * *
The gnoll barely misses you. The water moccasin bites you.
* * * LOW HITPOINT WARNING * * *
The gnoll closely misses you. The gnoll hits you with a +0 flail.
You die...

##..##..##.......|...
##..................
##.................
####..#...........
#..###........#
#..##..........
##.###.#........
####..........(....
###S@............##..
##..gg##.......##.....
###)....###.......#.####
#...>...............# #.
###............##..#####
#................####..
#........#.......###...
##..##..###......#.#...
##.##.###.............


You could see a water moccasin (very drained) and 2 gnolls.

Vanquished Creatures
  An ice beast (D:5)
  An ogre (D:5)
  A phantom (D:5)
  2 scorpions (D:4)
  4 hounds
  2 iguanas
  2 orc wizards
  3 gnolls
  3 river rats (Sewer)
  12 adders
  A worm (D:5)
  2 dart slugs (D:1)
  7 orcs
  13 endoplasms
  4 giant cockroaches
  2 goblins
  6 hobgoblins
  17 jackals
  2 quokkas
  7 ball pythons
  7 bats
  9 frilled lizards
  10 kobolds
  7 rats
125 creatures vanquished.

Notes
Turn   | Place    | Note
-------+----------+-------------------------------------------
     0 | D:1      | Dittersdorf the Human Fighter began the quest for the Orb.
     0 | D:1      | Reached XP level 1. HP: 18/18 MP: 1/1
    57 | D:1      | Reached XP level 2. HP: 12/24 MP: 2/2
   245 | D:1      | Reached XP level 3. HP: 29/29 MP: 3/3
   362 | D:1      | Found a faded altar of an unknown god.
   834 | D:1      | Reached XP level 4. HP: 35/35 MP: 4/4
  1027 | D:2      | Found Egis's Book Emporium.
  2362 | D:4      | Noticed a scorpion
  2379 | D:4      | Killed a scorpion
  2380 | D:4      | Reached XP level 5. HP: 25/42 MP: 5/5
  2441 | D:4      | Found a glowing drain.
  2505 | Sewer    | Entered a sewer
  2545 | Sewer    | Reached XP level 6. HP: 47/48 MP: 6/6
  2995 | D:4      | Found a runed translucent door.
  2997 | D:4      | Noticed pokedragonboy's ghost (novice NaWr)
  2998 | D:4      | Noticed a steam dragon
  3018 | D:4      | Found a white marble altar of Elyvilon.
  3154 | D:4      | Reached XP level 7. HP: 55/55 MP: 7/7
  3597 | D:5      | Entered Level 5 of the Dungeon
  3662 | D:5      | Found Qiady's Antique Armour Shoppe.
  3889 | D:5      | Reached skill level 5 in Shields
  3899 | D:5      | Reached skill level 5 in Armour
  3945 | D:5      | Found a radiant altar of Vehumet.
  3955 | D:5      | Reached skill level 5 in Fighting
  3955 | D:5      | Reached XP level 8. HP: 38/62 MP: 8/8
  4150 | D:4      | HP: 3/62 [gnoll/+0 whip[a gnoll sergeant] (3)]
  4151 | D:4      | Slain by a gnoll

Illustrated notes

Levels and vault maps discovered:
D:1:      dpeg_chamrin_arrival_tetris, layout_basic,
          hellmonk_ecumenical_altar_run_dry
D:2:      layout_basic, serial_shops, shop
D:3:      layout_basic
D:4:      layout_cave_pools, elyvilon_altar_5, gup_sewer_entry_glass,
          ebering_ghost_inner_flame, grunt_ministairs_14,
          minmay_misc_feat_diagonals
D:5:      layout_rooms, vehumet_altar_wand_db, nicolae_sif_muna_condensation,
          serial_shops, kennysheep_little_box

Skill      XL: |  1  2  3  4  5  6  7 |
---------------+----------------------+-----
Long Blades    | 3 4 |  4.7
Shields        | 4 5 |  5.3
Fighting       | 4 5 |  5.2
Armour         | 4 5 |  5.3

Action                     |  1- 3 |  4- 6 |  7- 9 || total
---------------------------+-------+-------+-------++-------
  Melee: Long sword        |    94 |   237 |   145 ||   476
    Use: Scroll            |       |     4 |     5 ||     9
 Armour: Scale mail        |    64 |    14 |       ||    78
         Ring mail         |       |   119 |   104 ||   223
  Dodge: Dodged            |    44 |    91 |    92 ||   227
  Block: Buckler           |    21 |     5 |       ||    26
         Kite shield       |       |   125 |   101 ||   226

Table legend: (Time is in decaauts)
 A = Elapsed time spent in this place.
 B = Non-inter-level travel time spent in this place.
 C = Inter-level travel time spent in this place.
 D = Time resting spent in this place.
 E = Time spent auto-exploring this place.
 F = Levels seen in this place.
 G = Mean time per level.
                   A        B        C        D        E       F      G
               +--------+--------+--------+--------+--------+-----+--------+
         Total |   4388 |   4224 |    164 |    241 |   2767 |   6 |  731.3 |
       Dungeon |   3874 |   3710 |    164 |    241 |   2461 |   5 |  774.8 |
         Sewer |    514 |    514 |      0 |      0 |    306 |   1 |  514.0 |
               +--------+--------+--------+--------+--------+-----+--------+

Top non-repeatable levels by time:
     D:3: 947 daAuts
     D:1: 945 daAuts
     D:4: 860 daAuts
     D:2: 585 daAuts
     D:5: 536 daAuts
   Sewer: 514 daAuts
